 Dungeon Crawl Stone Soup version 0.18.1-1-g2f07953 (webtiles) character file.

98 epen the Insei (level 4, -1/35 HPs)
             Began as a Demigod Transmuter on May 8, 2016.
             Slain by a kobold
             ... wielding a +0 club
              (4 damage)
             ... on level 3 of the Dungeon.
             The game lasted 00:07:10 (3784 turns).

epen the Insei (Demigod Transmuter)                 Turns: 3784, Time: 00:07:11

Health: -1/35      AC:  2    Str: 13    XL:     4   Next: 20%
Magic:  8/10       EV:  8    Int: 19    God:
Gold:   55         SH:  0    Dex: 16    Spells: 3 memorised, 1 level left

rFire  . . .     SeeInvis .       - Unarmed
rCold  . . .     Gourm    .     b - +0 robe
rNeg   . . .     Faith    .     (no shield)
rPois  +         Spirit   .     (no helmet)
rElec  .         Dismiss  .     (no cloak)
rCorr  .         Reflect  .     (no gloves)
SustAt +         Harm     .     (no boots)
MR     .....                    (no amulet)
Stlth  +.........               (no ring)
                                l - ring of poison resistance

@: very slightly contaminated, not resistant to hostile enchantments, very
unstealthy
A: high mp 1, sustain attributes
a: no special abilities


You were on level 3 of the Dungeon.
You were not hungry.

You visited 1 branch of the dungeon, and saw 3 of its levels.

You collected 55 gold pieces.

Inventory:

Missiles
 a - an arrow
Armour
 b - a +0 robe (worn)
Jewellery
 l - a ring of poison resistance (left hand)
Scrolls
 e - 4 scrolls of identify {unknown}
 f - a scroll of enchant weapon {unknown}
 i - 3 scrolls of remove curse {unknown}
 p - 2 scrolls of recharging {unknown}
 r - a scroll of blinking {unknown}
 s - a scroll of enchant armour {unknown}
Potions
 g - 2 potions of curing {unknown}
 h - a potion of degeneration {unknown}
 k - a potion of brilliance {unknown}
 m - 2 potions of berserk rage {unknown}
 q - a potion of agility {unknown}
Books
 c - a book of Changes

   Spells                             Type                      Level
   a - Beastly Appendage              Transmutation                1
   b - Sticks to Snakes               Transmutation                2
   c - Spider Form                    Transmutation/Poison         3
   d - Ice Form                       Ice/Transmutation            4
   e - Blade Hands                    Transmutation                5
Comestibles
 d - 3 bread rations
 j - 2 slices of pizza
 n - a chunk of flesh
 o - 2 meat rations


   Skills:
 + Level 1.6 Fighting
 + Level 1.0 Armour
 + Level 2.1 Dodging
 * Level 3.3 Unarmed Combat
 + Level 2.2 Spellcasting
 * Level 2.5 Transmutations


You had one spell level left.
You knew the following spells:

 Your Spells              Type           Power        Failure   Level  Hunger
a - Beastly Appendage     Trmt           ##....       8%          1    #......
b - Sticks to Snakes      Trmt           ##......     10%         2    ##.....
c - Spider Form           Trmt/Pois      #.........   34%         3    ###....


Dungeon Overview and Level Annotations

Branches:
Dungeon (3/15)

Annotations:
D:3 Hipnos's ghost, amateur SpAr


Innate Abilities, Weirdness & Mutations

You have an increased reservoir of magic (+10% MP).
Your attributes are resistant to harm.


Message History

Hipnos's ghost is almost destroyed.
The kobold barely misses you. Hipnos's ghost hits you!
Hipnos's ghost burns you.
* * * LOW HITPOINT WARNING * * *
You are too injured to fight recklessly!
You are too injured to fight recklessly!
You closely miss Hipnos's ghost.
Hipnos's ghost is almost destroyed.
Your transformation has ended.
Your +0 robe unmelds from your body.
The kobold hits you with a club.
* * * LOW HITPOINT WARNING * * *
Hipnos's ghost completely misses you. Hipnos's ghost hits you.
* * * LOW HITPOINT WARNING * * *
Hipnos's ghost burns you.
* * * LOW HITPOINT WARNING * * *
You see here a giant gecko corpse.
There is a stone staircase leading up here.
The kobold hits you with a club.
You die...

#..............#
#...<..........#
##............##
#......÷...(##
#.####)###..... #....#..#
##### #.##..#.# #.###.#.##
#.....#.@# ###
#####..##K###....
#.......#W#...#### #
#........S..##...#.#######
#....†..#s### ...#.#......
#.......#.# .....#......
######..#.#####......⌠.⌠..
#......S....# ..._...
######...#..###s## ..⌠.⌠..


You could see Hipnos's ghost, an adder, a giant cockroach and a kobold.

Vanquished Creatures
  An adder (D:2)
  An ooze (D:2)
  2 worms (D:2)
  A dart slug (D:2)
  2 giant geckos
  5 bats
  A giant cockroach (D:2)
  13 goblins
  9 hobgoblins
  3 jackals (D:1)
  11 kobolds
  2 quokkas
  A ball python (D:1)
  4 giant newts
  11 rats
67 creatures vanquished.

Vanquished Creatures (collateral kills)
  A worm (D:2)
  A bat (D:2)
  A rat (D:2)
3 creatures vanquished.

Grand Total: 70 creatures vanquished

Notes
Turn   | Place    | Note
--------------------------------------------------------------
     0 | D:1      | epen the Demigod Transmuter began the quest for the Orb.
     0 | D:1      | Reached XP level 1. HP: 15/15 MP: 5/5
   349 | D:1      | Reached skill level 1 in Fighting
   403 | D:1      | Reached XP level 2. HP: 11/23 MP: 7/7
  1054 | D:1      | Reached skill level 3 in Unarmed Combat
  1416 | D:2      | Reached XP level 3. HP: 14/28 MP: 8/8
  1708 | D:2      | Found a sacrificial altar of Ru.
  1879 | D:2      | Learned a level 2 spell: Sticks to Snakes
  1883 | D:2      | Learned a level 3 spell: Spider Form
  2075 | D:2      | Found an oddly glowing altar of Pakellas.
  2268 | D:2      | Found a faded altar to an unknown god.
  2447 | D:2      | Reached skill level 1 in Armour
  3141 | D:2      | Reached XP level 4. HP: 30/35 MP: 4/9
  3593 | D:3      | Noticed a hungry ghost
  3742 | D:3      | Found a sparkling altar of Nemelex Xobeh.
  3747 | D:3      | Noticed Hipnos's ghost (amateur SpAr)
  3765 | D:3      | HP: 1/35 [Hipnos's ghost (2)]
  3784 | D:3      | Slain by a kobold

Skill      XL: |  1  2  3 |
---------------+----------+-----
Fighting       | 1 |  1.6
Unarmed Combat | 3 |  3.3
Dodging        | 2 |  2.1
Transmutations | 2 |  2.5
Spellcasting   | 2 |  2.2
Armour         | 1 |  1.0

Action                   |  1- 3 |  4- 6 || total
-------------------------+-------+-------++-------
Melee: Unarmed           |   241 |    57 ||   298
       Kick              |     7 |     1 ||     8
       Punch             |     1 |     1 ||     2
       Headbutt          |     4 |     4 ||     8
 Cast: Beastly Appendage |     5 |     2 ||     7
       Sticks to Snakes  |    10 |     1 ||    11
       Spider Form       |       |     1 ||     1
 Stab: Sleeping          |     4 |     1 ||     5
       Distracted        |     1 |       ||     1
  Eat: Chunk             |     7 |     4 ||    11
Armor: Robe              |    42 |     4 ||    46
       Skin              |       |     1 ||     1
Dodge: Dodged            |   174 |    40 ||   214
